 Dungeon Crawl Stone Soup version 0.30.1-9-gdf580d7c3d (webtiles) character file.

Game seed: 12823464204949585069

24798 Ijustatesigmund the Geomancer (level 13, -2/76 HPs)
             Began as a Gargoyle Earth Elementalist on Oct 12, 2023.
             Was an Elder of Vehumet.
             Slain by a reaper
             ... wielding a +0 scythe of freezing
              (3 damage)
             ... in an ice cave.
             The game lasted 00:42:45 (16332 turns).

Ijustatesigmund the Geomancer (GrEE)               Turns: 16332, Time: 00:42:45

Health: -2/76      AC: 17    Str: 11    XL:     13   Next: 15%
Magic:  27/27      EV: 11    Int: 20    God:    Vehumet [****..]
Gold:   443        SH:  8    Dex: 10    Spells: 23/32 levels left

rFire   + . .        h - +2 demon whip (venom)
rCold   + + .        M - +0 kite shield
rNeg    + . .        E - +1 robe {rC+ rF+}
rPois   ∞            l - +0 helmet
rElec   +            i - +0 cloak
rCorr   .            x - +0 pair of gloves
SInv    .            f - +1 pair of boots
Will    +....        d - amulet of regeneration
Stlth   ++           H - ring of protection from cold
HPRegen 1.12/turn    u - ring of willpower
MPRegen 0.20/turn

%: no passive effects
@: no status effects
A: sickness immunity, AC +9, negative energy resistance 1, electricity
resistance, torment resistance 1, petrification resistance, dopey 1
a: Renounce Religion


You were in an ice cave.
You worshipped Vehumet.
Vehumet was greatly pleased with you.
You visited 2 branches of the dungeon, and saw 14 of its levels.
You also visited: Ice Cave.

You collected 709 gold pieces.
You spent 266 gold pieces at shops.

Inventory:

Hand Weapons
 c - a +4 flail of freezing
 h - a +2 demon whip of venom (weapon)
Armour
 a - +0 steam dragon scales
 f - a +1 pair of boots (worn)
 i - a +0 cloak (worn)
 l - a +0 helmet (worn)
 x - a +0 pair of gloves (worn)
 z - the +3 chain mail "Rerchioq" {rC+ Regen+}
   (You bought it in a shop on level 10 of the Dungeon)

   rC:        It protects you from cold.
   Regen:     It increases your rate of health regeneration.
 E - a +1 robe of resistance (worn)
 M - a +0 kite shield (worn)
Jewellery
 d - an amulet of regeneration (around neck)
 u - a ring of willpower (right hand)
 y - a ring of fire
 H - a ring of protection from cold (left hand)
 K - an amulet of guardian spirit
Wands
 m - a wand of digging (9)
 r - a wand of polymorph (1)
 D - a wand of flame (32)
 F - a wand of paralysis (2)
Scrolls
 k - a scroll of silence
 n - 3 scrolls of vulnerability
 q - 4 scrolls of teleportation
 s - 2 scrolls of amnesia
 B - a scroll of immolation
 G - a scroll of identify
 O - a scroll of fear
Potions
 b - a potion of magic
 e - 2 potions of ambrosia
 g - 3 potions of haste
 j - a potion of invisibility
 o - 4 potions of lignification
 t - 3 potions of curing
 v - 3 potions of might
 w - a potion of brilliance
 A - a potion of resistance {unknown}
 C - a potion of attraction
 L - 2 potions of mutation
 N - a potion of berserk rage {unknown}
Miscellaneous
 p - a phantom mirror (inert)


   Skills:
 - Level 7.2 Fighting
 - Level 5.9 Maces & Flails
 - Level 4.7 Dodging
 - Level 2.1 Stealth
 + Level 4.7 Shields
 + Level 10.0 Spellcasting
 + Level 11.7 Conjurations
 - Level 0.7 Transmutations
 + Level 13.1 Earth Magic
 - Level 3.0 Evocations


You had 23 spell levels left.
You knew the following spells:

 Your Spells              Type           Power      Damage    Failure   Level
a - Sandblast             Erth           100%       2d20      1%          1
b - Stone Arrow           Conj/Erth      100%       3d13      1%          3
c - Lee's Rapid Deconstr  Erth           29%        3d15*     1%          5

Your spell library contained the following spells:

 Spells                   Type           Power      Damage    Failure   Level
 Iskenderun's Battlesphe  Conj           54%        2d10      1%          5
 Shock                    Conj/Air       100%       1d9       1%          1
 Passwall                 Tmut/Erth      30%        N/A       2%          2
 Petrify                  Tmut/Erth      37%        N/A       16%         4
 Inner Flame              Hex/Fire       10%        N/A       21%         3
 Lesser Beckoning         Tloc           20%        N/A       36%         2
 Airstrike                Air            5%         2d(1-17)  52%         4
 Gell's Gravitas          Tloc           10%        N/A       61%         3
 Portal Projectile        Hex/Tloc       20%        N/A       61%         3
 Swiftness                Air            10%        N/A       61%         3
 Teleport Other           Tloc           10%        N/A       61%         3
 Tukima's Dance           Hex            10%        N/A       61%         3
 Yara's Violent Unravell  Hex/Tmut       5%         3d4       80%         5
 Blade Hands              Tmut           6%         N/A       99%         5
 Enfeeble                 Hex            5%         N/A       100%        7
 Borgnjor's Revivificati  Necr           5%         N/A       100%        8
 Necromutation            Tmut/Necr      5%         N/A       100%        8
 Death's Door             Necr           5%         N/A       100%        9


Dungeon Overview and Level Annotations

Branches:
Dungeon (13/15)            Temple (1/1) D:7            Lair (0/5) D:8
    Orc (0/2) D:9           IceCv (1/1)
 Vaults: D:13-14

Altars:
Ashenzari
Cheibriados
Dithmenos
Elyvilon
Fedhas
Gozag
Hepliaklqana
Kikubaaqudgha
Makhleb
Nemelex Xobeh
Okawaru
Qazlal
Ru
Sif Muna
Trog
Uskayaw
Vehumet
Wu Jian
Xom
Yredelemnul
Zin
The Shining One

Shops:
D:7 (   D:8 [   D:10 ([=

Annotations:
D:10 3 runed translucent doors, TowerOfEmptiness's ghost, journeyman MiFi


Innate Abilities, Weirdness & Mutations

You are immune to sickness and miasma.
Your stone body is resilient. (AC +9)
You are immune to poison.
You resist negative energy. (rN+)
You are resistant to electric shocks. (rElec)
You are resistant to unholy torment.
You are immune to petrification.
You are dopey. (Int -2)


Message History

The blast of rock fragments hits the reaper!!!
The reaper is almost dead.
You block the reaper's attack.
Casting: Lee's Rapid Deconstruction (dangerous; 1% risk of failure)
Confirm with . or Enter, or press ? or * to list all spells.
Aiming: Lee's Rapid Deconstruction (dangerous; 1% risk of failure)
Press: ? - help, Dir - move target An ice covered rock wall.
The wall shatters!
The blast of rock fragments hits the reaper.
The reaper is almost dead.
The reaper closely misses you.
Casting: Lee's Rapid Deconstruction (dangerous; 1% risk of failure)
Confirm with . or Enter, or press ? or * to list all spells.
Aiming: Lee's Rapid Deconstruction (dangerous; 1% risk of failure)
Press: ? - help, Dir - move target An ice covered rock wall.
The wall shatters!
The blast of rock fragments hits the reaper but does no damage.
The reaper is almost dead.
A dire elephant simulacrum comes into view.
The reaper hits you from afar with a +0 scythe of freezing.
The reaper freezes you.
Casting: Lee's Rapid Deconstruction (dangerous; 1% risk of failure)
Confirm with . or Enter, or press ? or * to list all spells.
You don't have enough magic to cast this spell.
Aiming: Throw Flame
Press: ? - help, Shift-Dir - straight line, f - reaper
Aim: a reaper, wielding a +0 scythe of freezing (almost dead, 71% to hit)
The puff of flame hits the reaper but does no damage.
The reaper is almost dead.
The reaper hits you from afar with a +0 scythe of freezing!!!
Ouch! That really hurt!
The reaper freezes you.
Okay, then.
Magic courses through your body.
The reaper hits you from afar with a +0 scythe of freezing!!
* * * LOW HITPOINT WARNING * * *
The reaper freezes you.
You die...

#### # #####..###
.# ..#...#..###
.○. #...#####..#
.... .####
#..######## °°...
##
#..#...##..@##○○.#
# #######...##.2Z#
##########


You could see a reaper and a dire elephant simulacrum.

Vanquished Creatures
  A boulder beetle (D:13)
  Erica (D:8)
  4 two-headed ogres
  Nergalle (D:12)
  Amaemon (D:8)
  A deep elf pyromancer (D:12)
  A cyclops (D:13)
  An ice statue (IceCv)
  A guardian serpent (shapeshifter) (D:10)
  3 slime creatures (D:12)
  An orange demon (D:8)
  2 gargoyles (D:10)
  A yaktaur (D:13)
  A komodo dragon (D:12)
  A kobold demonologist (D:11)
  A red devil (D:9)
  7 trolls
  A hellwing (D:9)
  A meliai zombie (D:10)
  2 shadows (D:9)
  13 yaks
  2 water elementals (D:12)
  2 wraiths (D:12)
  2 neqoxecs (D:9)
  2 steam dragons
  3 vampire mosquitoes
  Duvessa (D:5)
  An acid dragon (D:12)
  3 orc warriors
  2 black bears
  2 sky beasts
  An ice beast (D:5)
  5 centaurs
  A phantom (D:5)
  6 bullfrogs
  A gnoll sergeant (D:11)
  19 kobold brigands
  4 two-headed ogre simulacra (IceCv)
  A scorpion (D:5)
  4 wights (D:8)
  14 killer bees
  An elephant simulacrum (IceCv)
  2 howler monkeys (D:13)
  5 electric eels
  4 hounds
  5 quasits
  10 orc priests
  A jelly (D:7)
  A gnoll bouda (D:4)
  4 sleepcaps
  6 iguanas
  Ijyb (D:3)
  15 orc wizards
  3 hell rats (D:8)
  9 spriggan simulacra (IceCv)
  5 troll simulacra (IceCv)
  2 polar bear simulacra (IceCv)
  A wolf simulacrum (IceCv)
  A howler monkey zombie (D:10)
  9 gnolls
  13 adders
  2 naga simulacra (IceCv)
  4 white imps (IceCv)
  3 ufetubi
  A worm (D:2)
  A dart slug (D:3)
  49 orcs
  9 endoplasms
  2 giant cockroaches (D:3)
  8 goblins
  5 hobgoblins
  12 jackals
  26 kobolds
  4 quokkas
  3 ball pythons (D:4)
  6 rats
355 creatures vanquished.

Vanquished Creatures (collateral kills)
  Gastronok (D:9)
  A hydra (D:13)
  3 death yaks (D:8)
  An ice devil (D:9)
  An orc warrior (D:8)
  A kobold brigand (D:8)
  An orc priest (D:8)
  3 kobolds (D:8)
  A rat (D:8)
13 creatures vanquished.

Vanquished Creatures (others)
  An unseen horror (D:12)
  An orc wizard (D:9)
2 creatures vanquished.

Grand Total: 370 creatures vanquished

Notes
Turn   | Place    | Note
-------+----------+-------------------------------------------
     0 | D:1      | Ijustatesigmund the Gargoyle Earth Elementalist began the
                  | quest for the Orb.
     0 | D:1      | Reached XP level 1. HP: 10/10 MP: 3/3
   179 | D:1      | Reached XP level 2. HP: 16/16 MP: 3/5
   223 | D:1      | Reached skill level 1 in Fighting
   237 | D:1      | Reached skill level 4 in Earth Magic
   601 | D:2      | Reached XP level 3. HP: 20/20 MP: 4/6
   674 | D:2      | Identified the +4 whip of Purpose {elec, rElec}
   702 | D:2      | Learned a level 3 spell: Stone Arrow
   956 | D:2      | Reached skill level 1 in Conjurations
   956 | D:2      | Reached XP level 4. HP: 25/25 MP: 4/8
  1465 | D:3      | Reached skill level 1 in Maces & Flails
  1547 | D:3      | Found a faded altar of an unknown god.
  1585 | D:3      | Reached XP level 5. HP: 29/29 MP: 7/9
  2028 | D:3      | Noticed Ijyb
  2156 | D:3      | Killed Ijyb
  2517 | D:4      | Found a shimmering altar of Xom.
  2616 | D:4      | Noticed an ogre
  2629 | D:4      | an ogre changed into a sky beast
  2629 | D:4      | Noticed a sky beast
  2656 | D:4      | Killed a sky beast
  2657 | D:4      | Reached skill level 5 in Earth Magic
  2657 | D:4      | Reached XP level 6. HP: 23/34 MP: 5/10
  3319 | D:4      | Reached XP level 7. HP: 38/38 MP: 10/12
  3794 | D:5      | Entered Level 5 of the Dungeon
  3883 | D:5      | Noticed Dowan
  3899 | D:5      | Noticed Duvessa
  3900 | D:5      | Dowan changed into Dowan the jackal
  3900 | D:5      | Noticed Dowan
  3903 | D:5      | Killed Dowan the jackal
  3914 | D:5      | Killed Duvessa
  3915 | D:5      | Reached skill level 1 in Evocations
  4078 | D:5      | Reached skill level 6 in Earth Magic
  4381 | D:5      | Reached skill level 5 in Conjurations
  4381 | D:5      | Reached XP level 8. HP: 34/43 MP: 2/14
  4437 | D:5      | Found a sand-covered staircase.
  4538 | D:5      | Found a shimmering blue altar of Sif Muna.
  5108 | D:6      | Reached skill level 7 in Earth Magic
  5115 | D:6      | Reached skill level 5 in Spellcasting
  5769 | D:6      | Reached XP level 9. HP: 19/50 MP: 0/16
  6435 | D:7      | Noticed a troll
  6437 | D:7      | Killed a troll
  6489 | D:7      | Found an opulent altar of Gozag.
  6578 | D:7      | Found Paulilam's Antique Weapon Shoppe.
  6595 | D:7      | Identified the +8 quarterstaff of Integrity {drain, rC+
                  | MP-9 Str+5}
  6619 | D:7      | Reached skill level 8 in Earth Magic
  6729 | D:7      | Found a bloodstained altar of Trog.
  6794 | D:7      | Found a staircase to the Ecumenical Temple.
  6807 | Temple   | Entered the Ecumenical Temple
  7076 | Temple   | Became a worshipper of Vehumet
  7219 | D:7      | Found a sacrificial altar of Ru.
  7219 | D:7      | Found an ancient bone altar of Kikubaaqudgha.
  8030 | D:8      | Found Ximek's Antique Armour Emporium.
  8155 | D:8      | Noticed Erica
  8178 | D:8      | Killed Erica
  8349 | D:8      | Noticed Amaemon
  8349 | D:8      | Noticed an orange demon
  8356 | D:8      | Killed Amaemon
  8357 | D:8      | Reached skill level 9 in Earth Magic
  8357 | D:8      | Reached XP level 10. HP: 58/58 MP: 7/19
  8364 | D:8      | Killed an orange demon
  8553 | D:8      | Noticed a death yak
  8567 | D:8      | Killed a death yak
  8568 | D:8      | Noticed a death yak
  8571 | D:8      | Noticed a death yak
  8574 | D:8      | Killed a death yak
  8574 | D:8      | Reached * piety under Vehumet
  8574 | D:8      | Offered knowledge of Freeze by Vehumet.
  8580 | D:8      | Killed a death yak
  8593 | D:8      | Reached skill level 5 in Maces & Flails
  8666 | D:8      | Found a staircase to the Lair.
  8672 | D:8      | Reached skill level 10 in Earth Magic
  9134 | D:9      | Reached XP level 11. HP: 62/62 MP: 18/22
  9194 | D:9      | Noticed Gastronok
  9230 | D:9      | Killed Gastronok
  9334 | D:9      | Gained mutation: Armour fits poorly on your strangely
                  | shaped body. [a neqoxec]
  9498 | D:9      | Offered knowledge of Kiss of Death by Vehumet.
  9506 | D:9      | Reached ** piety under Vehumet
  9813 | D:9      | Found a staircase to the Orcish Mines.
 10082 | D:9      | Offered knowledge of Static Discharge by Vehumet.
 10288 | D:9      | Noticed a two-headed ogre
 10293 | D:9      | Killed a two-headed ogre
 10294 | D:9      | Reached skill level 5 in Fighting
 10512 | D:10     | Entered Level 10 of the Dungeon
 10518 | D:10     | Identified the +7 trident "Alehan" {heavy, *Noise Dex+4}
 10667 | D:10     | Reached *** piety under Vehumet
 10668 | D:10     | Reached skill level 11 in Earth Magic
 10891 | D:10     | Found a shadowy altar of Dithmenos.
 11003 | D:10     | Found Hutryt's Antique Armour Boutique.
 11011 | D:10     | Bought a transparent chain mail for 266 gold pieces
 11011 | D:10     | Identified the +3 chain mail "Rerchioq" {rC+ Regen+} (You
                  | bought it in a shop on level 10 of the Dungeon)
 11011 | D:10     | Found Dalaeska's Jewellery Shop.
 11520 | D:10     | Found Jorusac's Antique Weapon Boutique.
 11674 | D:10     | Found a runed translucent gate.
 11674 | D:10     | Found a runed translucent gate.
 11674 | D:10     | Found a runed translucent gate.
 11674 | D:10     | Noticed TowerOfEmptiness's ghost (journeyman MiFi)
 11676 | D:10     | Found a basalt altar of Yredelemnul.
 11693 | D:10     | Reached skill level 10 in Conjurations
 11899 | D:11     | Offered knowledge of Dazzling Flash by Vehumet.
 11926 | D:11     | Noticed a two-headed ogre
 11936 | D:11     | Killed a two-headed ogre
 11937 | D:11     | Reached XP level 12. HP: 44/70 MP: 12/24
 12104 | D:11     | Identified the +0 scale mail "Mufoico" {+Blink rF+}
 12324 | D:11     | Reached **** piety under Vehumet
 12344 | D:11     | Offered knowledge of Lee's Rapid Deconstruction by Vehumet.
 12605 | D:11     | Noticed a two-headed ogre
 12608 | D:11     | Killed a two-headed ogre
 12609 | D:11     | Reached skill level 12 in Earth Magic
 12898 | D:11     | Learned a level 5 spell: Lee's Rapid Deconstruction
 13004 | D:12     | Reached skill level 1 in Shields
 13882 | D:12     | Noticed Nergalle
 13904 | D:12     | Killed Nergalle
 14360 | D:13     | Noticed a boulder beetle
 14380 | D:13     | Noticed an eight-headed hydra
 14382 | D:13     | Killed an eight-headed hydra
 14390 | D:13     | Killed a boulder beetle
 14646 | D:13     | Reached XP level 13. HP: 45/76 MP: 0/26
 14651 | D:13     | Lost mutation: Armour fits poorly on your strangely shaped
                  | body. [potion of mutation]
 14651 | D:13     | Gained mutation: You are dopey. (Int -2) [potion of
                  | mutation]
 14711 | D:13     | Reached skill level 13 in Earth Magic
 14770 | D:13     | Found a frozen archway.
 14777 | IceCv    | Entered an ice cave
 15195 | IceCv    | Reached ***** piety under Vehumet
 15195 | IceCv    | Offered knowledge of Iskenderun's Battlesphere by Vehumet.
 15196 | IceCv    | Reached skill level 10 in Spellcasting
 16325 | IceCv    | Noticed a reaper
 16332 | IceCv    | HP: 1/76 [reaper/+0 scythe of freezing (29)]
 16332 | IceCv    | Slain by a reaper

Illustrated notes

Levels and vault maps discovered:
D:1:      lightli_iron_boxes, layout_basic, hangedman_abyss_or_decor_lesser_grid
D:2:      layout_basic, small_statue_intersection
D:3:      layout_loops_corners, ebering_ecumenical_altar_webs, uniq_ijyb
D:4:      minmay_thick_lines, layout_loops_ring, kennysheep_mini_moat
D:5:      layout_cave_pods, lemuel_tele_altar, nicolae_ossuary_entry_plus,
          uniq_duvessa
D:6:      layout_loops_ring
D:7:      wad_lake_hut, layout_loops_ring, nicolae_gozag_seed_capital,
          nicolae_overflow_crystal_walls, gammafunk_temple_overflow_wave,
          minmay_temple_entry_glass, serial_shops,
          nicolae_shop_just_a_little_nook
D:8:      layout_basic, dpeg_lair_monsters, serial_shops, shop, uniq_amaemon,
          uniq_erica
D:9:      layout_rooms, hiddenorc2_lemuel, serial_demonic, serial_demonic_b,
          serial_demonic_b, serial_demonic_d, serial_demonic_a,
          grunt_ministairs_4, uniq_gastronok
D:10:     layout_loops_ring, nicolae_yredelemnul_ghost_church,
          mainiacjoe_overflow_alcove_4, serial_shops, shop, kennysheep_mini,
          shop
D:11:     layout_roguey, special_room [special_room_kobold]
D:12:     layout_basic, uniq_nergalle
D:13:     layout_long_grid, hangedman_vaults_entry_quadrant_bands,
          portal_ice_cave_entry_pillars_1
Temple:   minmay_temple_curvy_branch
IceCv:    ice_cave_caverns_01

Skill      XL: |  1  2  3  4  5  6  7  8  9 10 11 12 13 |
---------------+----------------------------------------+-----
Fighting       | 1 3 4 6 7 |  7.2
Earth Magic    | 4 5 6 7 9 10 11 12 13 | 13.1
Conjurations   | 1 2 3 5 6 7 8 10 11 | 11.7
Maces & Flails | 1 2 3 5 |  5.9
Spellcasting   | 3 4 5 6 7 8 9 10 | 10.0
Evocations     | 2 3 |  3.0
Dodging        | 2 4 |  4.7
Shields        | 3 4 |  4.7
Stealth        | |  2.1
Transmutations | |  0.7

Action                     |  1- 3 |  4- 6 |  7- 9 | 10-12 | 13-15 || total
---------------------------+-------+-------+-------+-------+-------++-------
  Melee: Spear             |    20 |       |       |       |       ||    20
         Whip              |       |   133 |    48 |       |       ||   181
         Unarmed           |       |    12 |       |       |       ||    12
         Flail             |       |       |    25 |     7 |       ||    32
         Punch             |       |       |     2 |    10 |       ||    12
         Demon whip        |       |       |       |   685 |    42 ||   727
   Cast: Sandblast         |    35 |    17 |    17 |     4 |       ||    73
         Stone Arrow       |       |     5 |    86 |    96 |    18 ||   205
         Lee's Rapid Decon |       |       |       |    18 |    27 ||    45
  Evoke: Wand              |       |     3 |     6 |    14 |     1 ||    24
         Phantom mirror    |       |       |       |     1 |       ||     1
    Use: Potion            |       |     2 |     2 |     4 |     4 ||    12
         Scroll            |       |     1 |    10 |    18 |     2 ||    31
   Stab: Sleeping          |     2 |     3 |       |       |       ||     5
         Invisible         |       |       |       |     2 |       ||     2
 Armour: Robe              |    11 |    73 |    15 |       |    11 ||   110
         Steam dragon scal |       |       |    33 |   368 |    58 ||   459
  Dodge: Dodged            |    14 |    77 |    63 |   477 |    35 ||   666
  Block: Kite shield       |       |       |       |       |     7 ||     7
